AoeStats
← Arguin331

MegaRandom

504852158Analyzed
4v4 RM · 25d ago on Sep 6, 2026· 17m 41s· 8 players
Game mode
Random Map
Map size
Large (8 player)
Population
200
Speed
Normal
Resources
Standard
Victory
Conquest
Starting age
Dark Age
Ending age
Imperial Age
RankedLock teamsTeams togetherTeam positionsShared explorationLock speedFull tech treeHidden civsTurbo modeCheats
Victory
Defeat
🇩🇪 Franks · Germany
840
+15
🇹🇷 Vikings · Türkiye
826
+16
🇹🇷 Khmer · Türkiye
825
+16
🇲🇽 Lithuanians · Mexico
785
+18
🇺🇸 Bulgarians · United States
871
-18
🇫🇷 Chinese · France
851
-17
🇮🇪 Portuguese · Ireland
792
-15
786
-20
La Morte Noire
[ATA]Woosa
13:41 Feudal Age
17:22 Castle Age
15:12 Double-Bit Axe
15:51 Stone Mining
15:52 Gold Mining
16:16 Horse Collar
BLONDYN
0:56 Loom
11:27 Feudal Age
11:58 Double-Bit Axe
12:23 Gold Mining
14:34 Stone Mining
16:14 Forging
17:36 Scale Mail Armor
EmirBagtas
5:01 Loom
11:08 Feudal Age
11:39 Double-Bit Axe
11:55 Horse Collar
16:57 Castle Age
15:12 Stone Mining
15:35 Gold Mining
17:50 Bow Saw
17:47 Heavy Plow
messman2020
0:28 Loom
12:15 Feudal Age
16:58 Castle Age
Arguin331
0:36 Loom
11:11 Feudal Age
11:48 Double-Bit Axe
11:47 Horse Collar
14:29 Wheelbarrow
18:34 Castle Age
YaLittle-
9:57 Feudal Age
La Gata bajo la lluvia
0:31 Loom
Connection lost

Rejoining the realm…

Still unreachable

The connection could not be restored.

Session expired

The server has moved on; the page needs a fresh start.